Ducks vs Predators

Created - November 20 2007 at 17:54

Goals
1 2 3 T
Ducks 1 1 0 2
Predators 0 0 0 0
Shots
1 2 3 T
Ducks 9 14 13 36
Predators 9 4 10 23

Period #1

1. Ducks , Marek Malik 2 (Mike Fisher, Daniel Sedin) at 10:10 (PP)

Penalties :
Zbynek Michalek (NSH) for Tripping (Minor) at 8:50, Scott Niedermayer (ANA) for Roughing (Minor) at 10:59, Vernon Fiddler (NSH) for High sticking (Minor) at 15:14, Shea Weber (NSH) for Boarding (Minor) at 19:45

Period #2

2. Ducks , Mike Fisher 11 (Daniel Sedin, Henrik Sedin) at 17:54 (PP)

Penalties :
Paul Kariya (NSH) for Interference (Minor) at 11:56, Shea Weber (NSH) for Hooking (Minor) at 15:57

Period #3

No Goal

Penalties :
Travis Green (ANA) for Hooking (Minor) at 3:01, Derek Morris (NSH) for Fighting (Major) at 3:32, Bryan Allen (ANA) for Fighting (Major) at 3:32, Alexandre Burrows (NSH) for Hooking (Minor) at 5:58, Travis Green (ANA) for Roughing (Minor) at 8:26, Tomas Kaberle (NSH) for Hooking (Minor) at 15:09, Petr Cajanek (ANA) for Holding (Minor) at 19:22

Goalie Stats

Jean-Sebastien Giguere (ANA), 23 saves from 23 shots - (1.000), W, 17-6-0, 60:00 minutes
Chris Mason (NSH), 34 saves from 36 shots - (0.944), L, 1-5-0, 60:00 minutes

Players Stats

Ducks
Player Name              G  A  P  +/- PIM S  H  SB FO MP 
-----------------------------------------------------------
Andrew Brunette          0  0  0   0  0   4  1  0  1  19 
Ben Guite                0  0  0   0  0   1  0  0  1  9  
Bryan Allen              0  0  0   0  5   2  0  1  0  22 
Daniel Sedin             0  2  2   0  0   3  1  0  4  21 
Francois Beauchemin      0  0  0   0  0   1  1  1  0  22 
Hal Gill                 0  0  0   0  0   0  1  1  0  17 
Henrik Sedin             0  1  1   0  0   3  0  0  29 22 
Lasse Kukkonen           0  0  0   0  0   1  1  0  0  19 
Marek Malik              1  0  1   0  0   2  0  1  0  23 
Michael Zigomanis        0  0  0   0  0   0  0  0  8  5  
Mike Fisher              1  1  2   0  0   3  1  0  1  23 
Mike Sillinger           0  0  0   0  0   9  0  0  0  14 
Petr Cajanek             0  0  0   0  2   1  1  0  23 19 
Rob Niedermayer          0  0  0   0  0   1  0  0  1  14 
Scott Niedermayer        0  0  0   0  2   1  0  2  0  22 
Todd Marchant            0  0  0   0  0   0  2  0  16 17 
Travis Green             0  0  0   0  4   0  0  1  0  5  
Tuomo Ruutu              0  0  0   0  0   4  0  0  2  19 
Predators
Player Name              G  A  P  +/- PIM S  H  SB FO MP 
-----------------------------------------------------------
Alexandre Burrows        0  0  0   0  2   0  0  0  0  9  
Brad Boyes               0  0  0   0  0   1  0  0  1  15 
David Legwand            0  0  0   0  0   2  0  0  19 17 
Derek Morris             0  0  0   0  5   0  2  2  0  22 
Jeff Carter              0  0  0   0  0   0  0  0  27 23 
Marek Zidlicky           0  0  0   0  0   0  0  2  0  21 
Martin Erat              0  0  0   0  0   0  0  1  0  13 
Paul Kariya              0  0  0   0  2   8  0  0  1  20 
Ryan Suter               0  0  0   0  0   0  0  1  0  22 
Scott Hartnell           0  0  0   0  0   2  1  1  2  17 
Scottie Upshall          0  0  0   0  0   0  0  1  4  20 
Shea Weber               0  0  0   0  4   1  0  0  0  18 
Steve Sullivan           0  0  0   0  0   3  0  3  0  17 
Todd Bertuzzi            0  0  0   0  0   1  0  0  0  6  
Tomas Kaberle            0  0  0   0  2   1  2  4  0  20 
Vernon Fiddler           0  0  0   0  2   0  0  0  19 12 
Yanic Perreault          0  0  0   0  0   4  0  0  13 13 
Zbynek Michalek          0  0  0   0  2   0  1  4  0  19 

3 Stars

1 - Jean-Sebastien Giguere (ANA)
2 - Chris Mason (NSH)
3 - Mike Fisher (ANA)

Power Play

Ducks - 2 on 7 Attempt(s) - 28.57%
Predators - 0 on 4 Attempt(s) - 0.00%

Penalty Kill

Ducks - 4 on 4 Attempt(s) - 100.00% - Score 0 goal in Penalty Kill
Predators - 5 on 7 Attempt(s) - 71.43% - Score 0 goal in Penalty Kill

Game Notes

Derek Morris and Bryan Allen fight to a draw at 3:32 of 3rd period

Finance

Level 1 -- Attendance: 5253 (87.56%) -- Ticket Income $420,240.00
Level 2 -- Attendance: 3444 (86.10%) -- Ticket Income $179,088.00
Level 3 -- Attendance: 1694 (80.19%) -- Ticket Income $50,820.00
Level 4 -- Attendance: 3181 (79.52%) -- Ticket Income $63,620.00
Luxury Box -- Attendance: 903 (90.31%) -- Ticket Income $121,905.00
Game was played at the Gaylord Entertainment Center
Total Attendance: 14475 (84.58%)
Total Ticket Income: $885,370.60
Other Income: $146,294.70
Total Income: $1,031,666.00


Play by Play

Period #1

0:01 of 1st period - David Legwand wins face-off versus Henrik Sedin in neutral zone.
0:11 of 1st period - Brad Boyes is hit by Daniel Sedin and loses puck.
0:34 of 1st period - Shot by Daniel Sedin.
0:34 of 1st period - Stopped by Chris Mason without a rebound.
0:35 of 1st period - Scott Hartnell wins face-off versus Petr Cajanek in Predators zone.
1:19 of 1st period - Shot by Tuomo Ruutu.
1:19 of 1st period - Stopped by Chris Mason without a rebound.
1:20 of 1st period - Yanic Perreault wins face-off versus Todd Marchant in Predators zone.
1:27 of 1st period - Shot by Yanic Perreault.
1:27 of 1st period - Stopped by Jean-Sebastien Giguere with a rebound.
1:55 of 1st period - Shot by Mike Sillinger.
1:55 of 1st period - Stopped by Chris Mason without a rebound.
1:56 of 1st period - Henrik Sedin wins face-off versus David Legwand in Predators zone.
2:19 of 1st period - Shot by Henrik Sedin.
2:19 of 1st period - Shot Blocked by Tomas Kaberle.
2:23 of 1st period - Shot by Mike Fisher.
2:23 of 1st period - Shot Blocked by Tomas Kaberle.
2:42 of 1st period - Derek Morris is hit by Francois Beauchemin and loses puck.
3:38 of 1st period - Shot by Petr Cajanek.
3:38 of 1st period - Shot Misses the Net.
3:45 of 1st period - Icing by Shea Weber.
3:46 of 1st period - Jeff Carter wins face-off versus Todd Marchant in Predators zone.
3:55 of 1st period - Shot by Mike Sillinger.
3:55 of 1st period - Stopped by Chris Mason with a rebound.
3:59 of 1st period - Shot by Mike Sillinger.
3:59 of 1st period - Stopped by Chris Mason without a rebound.
4:00 of 1st period - Yanic Perreault wins face-off versus Michael Zigomanis in Predators zone.
4:08 of 1st period - Shot by Michael Zigomanis.
4:08 of 1st period - Shot Blocked by Scottie Upshall.
4:10 of 1st period - Shot by Travis Green.
4:10 of 1st period - Shot Misses the Net.
4:12 of 1st period - Shot by Marek Malik.
4:12 of 1st period - Shot Misses the Net.
4:14 of 1st period - Shot by Marek Malik.
4:14 of 1st period - Stopped by Chris Mason without a rebound.
4:15 of 1st period - Yanic Perreault wins face-off versus Todd Marchant in Predators zone.
4:24 of 1st period - Shot by Mike Sillinger.
4:24 of 1st period - Deflect By Todd Marchant.
4:24 of 1st period - Shot Misses the Net.
4:46 of 1st period - Shot by Yanic Perreault.
4:46 of 1st period - Stopped by Jean-Sebastien Giguere without a rebound.
4:47 of 1st period - Henrik Sedin wins face-off versus Vernon Fiddler in Ducks zone.
4:54 of 1st period - Icing by Scott Niedermayer.
4:55 of 1st period - Jeff Carter wins face-off versus Henrik Sedin in Ducks zone.
5:28 of 1st period - Shot by Henrik Sedin.
5:28 of 1st period - Stopped by Chris Mason without a rebound.
5:29 of 1st period - David Legwand wins face-off versus Andrew Brunette in Predators zone.
5:29 of 1st period - Tomas Kaberle is hit by Lasse Kukkonen and loses puck.
6:02 of 1st period - Paul Kariya is hit by Andrew Brunette and loses puck.
6:20 of 1st period - Icing by Derek Morris.
6:21 of 1st period - Todd Marchant wins face-off versus David Legwand in Predators zone.
6:59 of 1st period - Shot by Yanic Perreault.
6:59 of 1st period - Stopped by Jean-Sebastien Giguere without a rebound.
7:00 of 1st period - Jeff Carter wins face-off versus Henrik Sedin in Ducks zone.
7:21 of 1st period - Shot by Daniel Sedin.
7:21 of 1st period - Deflect By Mike Fisher.
7:21 of 1st period - Shot Misses the Net.
7:24 of 1st period - Icing by Ryan Suter.
7:25 of 1st period - Michael Zigomanis wins face-off versus Jeff Carter in Predators zone.
8:50 of 1st period - Minor Penalty to Zbynek Michalek for Tripping.
8:51 of 1st period - Petr Cajanek wins face-off versus Vernon Fiddler in Predators zone.
9:32 of 1st period - Icing by Francois Beauchemin.
9:33 of 1st period - Scottie Upshall wins face-off versus Petr Cajanek in Ducks zone.
10:08 of 1st period - Shot by Mike Fisher.
10:08 of 1st period - Shot Misses the Net.
10:10 of 1st period - Shot by Marek Malik.
10:10 of 1st period - Goal by Marek Malik - Ducks : 1 - Predators : 0.
10:11 of 1st period - Rob Niedermayer wins face-off versus David Legwand in neutral zone.
10:23 of 1st period - David Legwand is hit by Todd Marchant and loses puck.
10:32 of 1st period - Shot by David Legwand.
10:32 of 1st period - Shot Blocked by Hal Gill.
10:34 of 1st period - Shot by Derek Morris.
10:34 of 1st period - Shot Misses the Net.
10:38 of 1st period - Shot by Paul Kariya.
10:38 of 1st period - Stopped by Jean-Sebastien Giguere without a rebound.
10:39 of 1st period - Henrik Sedin wins face-off versus Jeff Carter in Ducks zone.
10:59 of 1st period - Minor Penalty to Scott Niedermayer for Roughing.
11:00 of 1st period - David Legwand wins face-off versus Todd Marchant in Ducks zone.
11:04 of 1st period - Scott Hartnell is hit by Todd Marchant and loses puck.
11:25 of 1st period - Shot by Paul Kariya.
11:25 of 1st period - Stopped by Jean-Sebastien Giguere without a rebound.
11:26 of 1st period - Todd Marchant wins face-off versus Brad Boyes in Ducks zone.
14:04 of 1st period - Shot by Paul Kariya.
14:04 of 1st period - Shot Misses the Net.
14:23 of 1st period - Shot by Todd Bertuzzi.
14:23 of 1st period - Stopped by Jean-Sebastien Giguere without a rebound.
14:24 of 1st period - Henrik Sedin wins face-off versus Jeff Carter in Ducks zone.
14:28 of 1st period - Icing by Francois Beauchemin.
14:29 of 1st period - Jeff Carter wins face-off versus Henrik Sedin in Ducks zone.
14:45 of 1st period - Henrik Sedin is hit by Scott Hartnell and loses puck.
14:56 of 1st period - Shot by Scott Hartnell.
14:56 of 1st period - Stopped by Jean-Sebastien Giguere with a rebound.
14:58 of 1st period - Shot by Ryan Suter.
14:58 of 1st period - Shot Misses the Net.
15:00 of 1st period - Shot by Shea Weber.
15:00 of 1st period - Stopped by Jean-Sebastien Giguere without a rebound.
15:01 of 1st period - David Legwand wins face-off versus Petr Cajanek in Ducks zone.
15:09 of 1st period - Off-side.
15:10 of 1st period - Michael Zigomanis wins face-off versus Vernon Fiddler in neutral zone.
15:14 of 1st period - Minor Penalty to Vernon Fiddler for High sticking.
15:15 of 1st period - David Legwand wins face-off versus Petr Cajanek in neutral zone.
15:35 of 1st period - Icing by Scott Niedermayer.
15:36 of 1st period - Jeff Carter wins face-off versus Tuomo Ruutu in Ducks zone.
16:18 of 1st period - Icing by Bryan Allen.
16:19 of 1st period - Henrik Sedin wins face-off versus Scottie Upshall in Ducks zone.
17:36 of 1st period - Shot by Steve Sullivan.
17:36 of 1st period - Shot Misses the Net.
18:15 of 1st period - Shot by Paul Kariya.
18:15 of 1st period - Deflect By Vernon Fiddler.
18:15 of 1st period - Shot Misses the Net.
18:19 of 1st period - Shot by Paul Kariya.
18:19 of 1st period - Stopped by Jean-Sebastien Giguere with a rebound.
18:23 of 1st period - Shot by Paul Kariya.
18:23 of 1st period - Shot Misses the Net.
18:47 of 1st period - Shot by Michael Zigomanis.
18:47 of 1st period - Deflect By Ben Guite.
18:47 of 1st period - Stopped by Chris Mason without a rebound.
18:48 of 1st period - Yanic Perreault wins face-off versus Henrik Sedin in Predators zone.
19:45 of 1st period - Minor Penalty to Shea Weber for Boarding.
19:46 of 1st period - Petr Cajanek wins face-off versus Jeff Carter in Predators zone.

Period #2

0:01 of 2nd period - Henrik Sedin wins face-off versus Vernon Fiddler in neutral zone.
0:12 of 2nd period - Shot by Daniel Sedin.
0:12 of 2nd period - Stopped by Chris Mason without a rebound.
0:13 of 2nd period - Jeff Carter wins face-off versus Petr Cajanek in Predators zone.
0:21 of 2nd period - Off-side.
0:22 of 2nd period - Henrik Sedin wins face-off versus Vernon Fiddler in neutral zone.
1:04 of 2nd period - Icing by Francois Beauchemin.
1:05 of 2nd period - Henrik Sedin wins face-off versus Jeff Carter in Ducks zone.
1:10 of 2nd period - Shot by Daniel Sedin.
1:10 of 2nd period - Shot Blocked by Ryan Suter.
2:04 of 2nd period - Shot by Mike Sillinger.
2:04 of 2nd period - Stopped by Chris Mason without a rebound.
2:05 of 2nd period - Jeff Carter wins face-off versus Petr Cajanek in Predators zone.
4:02 of 2nd period - Shot by David Legwand.
4:02 of 2nd period - Shot Misses the Net.
4:34 of 2nd period - Shot by Henrik Sedin.
4:34 of 2nd period - Shot Misses the Net.
4:36 of 2nd period - Shot by Francois Beauchemin.
4:36 of 2nd period - Shot Misses the Net.
4:38 of 2nd period - Shot by Francois Beauchemin.
4:38 of 2nd period - Stopped by Chris Mason without a rebound.
4:39 of 2nd period - Jeff Carter wins face-off versus Petr Cajanek in Predators zone.
5:08 of 2nd period - Shot by Andrew Brunette.
5:08 of 2nd period - Stopped by Chris Mason without a rebound.
5:09 of 2nd period - Henrik Sedin wins face-off versus Yanic Perreault in Predators zone.
5:14 of 2nd period - Shot by Mike Fisher.
5:14 of 2nd period - Stopped by Chris Mason without a rebound.
5:15 of 2nd period - Yanic Perreault wins face-off versus Henrik Sedin in Predators zone.
5:36 of 2nd period - Shot by Scottie Upshall.
5:36 of 2nd period - Shot Blocked by Scott Niedermayer.
5:40 of 2nd period - Shot by Yanic Perreault.
5:40 of 2nd period - Shot Misses the Net.
5:42 of 2nd period - Shot by Scottie Upshall.
5:42 of 2nd period - Shot Misses the Net.
5:46 of 2nd period - Shot by Yanic Perreault.
5:46 of 2nd period - Stopped by Jean-Sebastien Giguere without a rebound.
5:47 of 2nd period - Vernon Fiddler wins face-off versus Petr Cajanek in Ducks zone.
5:56 of 2nd period - Shot by Petr Cajanek.
5:56 of 2nd period - Shot Misses the Net.
6:58 of 2nd period - Todd Marchant is hit by Derek Morris and loses puck.
7:51 of 2nd period - Shot by Scott Hartnell.
7:51 of 2nd period - Deflect By Jeff Carter.
7:51 of 2nd period - Shot Blocked by Scott Niedermayer.
8:35 of 2nd period - Shot by Yanic Perreault.
8:35 of 2nd period - Shot Misses the Net.
8:40 of 2nd period - Icing by Marek Malik.
8:41 of 2nd period - Petr Cajanek wins face-off versus Yanic Perreault in Ducks zone.
10:10 of 2nd period - Paul Kariya is hit by Hal Gill and loses puck.
10:13 of 2nd period - Shot by David Legwand.
10:13 of 2nd period - Stopped by Jean-Sebastien Giguere without a rebound.
10:14 of 2nd period - David Legwand wins face-off versus Henrik Sedin in Ducks zone.
10:19 of 2nd period - Shot by Brad Boyes.
10:19 of 2nd period - Stopped by Jean-Sebastien Giguere without a rebound.
10:20 of 2nd period - Scottie Upshall wins face-off versus Michael Zigomanis in Ducks zone.
11:10 of 2nd period - Shot by Daniel Sedin.
11:10 of 2nd period - Shot Blocked by Steve Sullivan.
11:14 of 2nd period - Shot by Henrik Sedin.
11:14 of 2nd period - Shot Misses the Net.
11:16 of 2nd period - Shot by Scott Niedermayer.
11:16 of 2nd period - Stopped by Chris Mason without a rebound.
11:17 of 2nd period - Petr Cajanek wins face-off versus David Legwand in Predators zone.
11:27 of 2nd period - Icing by Derek Morris.
11:28 of 2nd period - Henrik Sedin wins face-off versus David Legwand in Predators zone.
11:41 of 2nd period - Shot by Paul Kariya.
11:41 of 2nd period - Stopped by Jean-Sebastien Giguere without a rebound.
11:42 of 2nd period - Petr Cajanek wins face-off versus Vernon Fiddler in Ducks zone.
11:42 of 2nd period - Andrew Brunette is hit by Tomas Kaberle and loses puck.
11:56 of 2nd period - Minor Penalty to Paul Kariya for Interference.
11:57 of 2nd period - Henrik Sedin wins face-off versus Jeff Carter in Predators zone.
12:15 of 2nd period - Icing by Marek Malik.
12:16 of 2nd period - Jeff Carter wins face-off versus Henrik Sedin in Ducks zone.
13:05 of 2nd period - Shot by Tuomo Ruutu.
13:05 of 2nd period - Stopped by Chris Mason with a rebound.
13:07 of 2nd period - Shot by Bryan Allen.
13:07 of 2nd period - Stopped by Chris Mason without a rebound.
13:08 of 2nd period - Petr Cajanek wins face-off versus Vernon Fiddler in Predators zone.
13:11 of 2nd period - Shot by Petr Cajanek.
13:11 of 2nd period - Stopped by Chris Mason without a rebound.
13:12 of 2nd period - Jeff Carter wins face-off versus Tuomo Ruutu in Predators zone.
13:21 of 2nd period - Shot by Andrew Brunette.
13:21 of 2nd period - Stopped by Chris Mason without a rebound.
13:22 of 2nd period - Jeff Carter wins face-off versus Daniel Sedin in Predators zone.
13:34 of 2nd period - Icing by Francois Beauchemin.
13:35 of 2nd period - Vernon Fiddler wins face-off versus Henrik Sedin in Ducks zone.
13:46 of 2nd period - Shot by Daniel Sedin.
13:46 of 2nd period - Shot Blocked by Zbynek Michalek.
13:48 of 2nd period - Shot by Francois Beauchemin.
13:48 of 2nd period - Shot Misses the Net.
14:05 of 2nd period - Shot by Todd Marchant.
14:05 of 2nd period - Shot Misses the Net.
14:09 of 2nd period - Shot by Todd Marchant.
14:09 of 2nd period - Shot Blocked by Scott Hartnell.
14:29 of 2nd period - Shot by Rob Niedermayer.
14:29 of 2nd period - Stopped by Chris Mason without a rebound.
14:30 of 2nd period - David Legwand wins face-off versus Petr Cajanek in Predators zone.
14:32 of 2nd period - Paul Kariya is hit by Petr Cajanek and loses puck.
14:41 of 2nd period - Shot by David Legwand.
14:41 of 2nd period - Shot Misses the Net.
15:40 of 2nd period - Shot by Henrik Sedin.
15:40 of 2nd period - Stopped by Chris Mason without a rebound.
15:41 of 2nd period - Todd Marchant wins face-off versus Jeff Carter in Predators zone.
15:42 of 2nd period - Shot by Mike Sillinger.
15:42 of 2nd period - Shot Misses the Net.
15:46 of 2nd period - Shot by Rob Niedermayer.
15:46 of 2nd period - Shot Blocked by Steve Sullivan.
15:57 of 2nd period - Minor Penalty to Shea Weber for Hooking.
15:58 of 2nd period - Henrik Sedin wins face-off versus Jeff Carter in Predators zone.
16:08 of 2nd period - Icing by Francois Beauchemin.
16:09 of 2nd period - Vernon Fiddler wins face-off versus Henrik Sedin in Ducks zone.
17:54 of 2nd period - Shot by Mike Fisher.
17:54 of 2nd period - Goal by Mike Fisher - Ducks : 2 - Predators : 0.
17:55 of 2nd period - Todd Marchant wins face-off versus Jeff Carter in neutral zone.
19:03 of 2nd period - Shot by Tuomo Ruutu.
19:03 of 2nd period - Shot Misses the Net.
19:05 of 2nd period - Shot by Marek Malik.
19:05 of 2nd period - Deflect By Andrew Brunette.
19:05 of 2nd period - Shot Misses the Net.
19:07 of 2nd period - Shot by Tuomo Ruutu.
19:07 of 2nd period - Stopped by Chris Mason without a rebound.
19:08 of 2nd period - Yanic Perreault wins face-off versus Henrik Sedin in Predators zone.
19:30 of 2nd period - Henrik Sedin is hit by Zbynek Michalek and loses puck.

Period #3

0:01 of 3rd period - David Legwand wins face-off versus Henrik Sedin in neutral zone.
0:18 of 3rd period - Shot by Mike Fisher.
0:18 of 3rd period - Stopped by Chris Mason with a rebound.
0:20 of 3rd period - Shot by Daniel Sedin.
0:20 of 3rd period - Shot Blocked by Tomas Kaberle.
0:22 of 3rd period - Shot by Mike Fisher.
0:22 of 3rd period - Shot Blocked by Derek Morris.
0:24 of 3rd period - Shot by Francois Beauchemin.
0:24 of 3rd period - Shot Misses the Net.
1:04 of 3rd period - Shot by Tuomo Ruutu.
1:04 of 3rd period - Stopped by Chris Mason without a rebound.
1:05 of 3rd period - Yanic Perreault wins face-off versus Todd Marchant in Predators zone.
1:18 of 3rd period - Shot by Mike Sillinger.
1:18 of 3rd period - Stopped by Chris Mason without a rebound.
1:19 of 3rd period - Petr Cajanek wins face-off versus Jeff Carter in Predators zone.
1:22 of 3rd period - Shot by Tuomo Ruutu.
1:22 of 3rd period - Deflect By Petr Cajanek.
1:22 of 3rd period - Shot Blocked by Steve Sullivan.
2:40 of 3rd period - Shot by Hal Gill.
2:40 of 3rd period - Shot Misses the Net.
2:42 of 3rd period - Shot by Mike Sillinger.
2:42 of 3rd period - Stopped by Chris Mason without a rebound.
2:43 of 3rd period - Henrik Sedin wins face-off versus Yanic Perreault in Predators zone.
2:46 of 3rd period - Shot by Mike Fisher.
2:46 of 3rd period - Shot Blocked by Martin Erat.
2:48 of 3rd period - Shot by Daniel Sedin.
2:48 of 3rd period - Shot Blocked by Zbynek Michalek.
2:52 of 3rd period - Shot by Henrik Sedin.
2:52 of 3rd period - Shot Misses the Net.
2:56 of 3rd period - Shot by Daniel Sedin.
2:56 of 3rd period - Stopped by Chris Mason without a rebound.
2:57 of 3rd period - Michael Zigomanis wins face-off versus David Legwand in Predators zone.
3:01 of 3rd period - Minor Penalty to Travis Green for Hooking.
3:02 of 3rd period - David Legwand wins face-off versus Todd Marchant in neutral zone.
3:11 of 3rd period - Shot by David Legwand.
3:11 of 3rd period - Stopped by Jean-Sebastien Giguere without a rebound.
3:12 of 3rd period - David Legwand wins face-off versus Todd Marchant in Ducks zone.
3:24 of 3rd period - Paul Kariya is hit by Mike Fisher and loses puck.
3:32 of 3rd period - Derek Morris and Bryan Allen fight to a draw.
3:32 of 3rd period - Penalty to Derek Morris for Fighting.
3:32 of 3rd period - Penalty to Bryan Allen for Fighting.
3:33 of 3rd period - Jeff Carter wins face-off versus Todd Marchant in Ducks zone.
4:55 of 3rd period - Icing by Tomas Kaberle.
4:56 of 3rd period - Henrik Sedin wins face-off versus Scottie Upshall in Predators zone.
5:03 of 3rd period - Shot by Andrew Brunette.
5:03 of 3rd period - Shot Blocked by Marek Zidlicky.
5:15 of 3rd period - Shot by Yanic Perreault.
5:15 of 3rd period - Shot Misses the Net.
5:17 of 3rd period - Shot by Marek Zidlicky.
5:17 of 3rd period - Shot Blocked by Francois Beauchemin.
5:58 of 3rd period - Minor Penalty to Alexandre Burrows for Hooking.
5:59 of 3rd period - Vernon Fiddler wins face-off versus Daniel Sedin in Predators zone.
8:21 of 3rd period - Shot by Rob Niedermayer.
8:21 of 3rd period - Shot Blocked by Tomas Kaberle.
8:25 of 3rd period - Shot by Todd Marchant.
8:25 of 3rd period - Deflect By Mike Sillinger.
8:25 of 3rd period - Stopped by Chris Mason without a rebound.
8:26 of 3rd period - Jeff Carter wins face-off versus Michael Zigomanis in Predators zone.
8:26 of 3rd period - Minor Penalty to Travis Green for Roughing.
8:27 of 3rd period - Yanic Perreault wins face-off versus Michael Zigomanis in Predators zone.
10:20 of 3rd period - Icing by Marek Zidlicky.
10:21 of 3rd period - Vernon Fiddler wins face-off versus Todd Marchant in Predators zone.
10:40 of 3rd period - Shot by Andrew Brunette.
10:40 of 3rd period - Stopped by Chris Mason without a rebound.
10:41 of 3rd period - Vernon Fiddler wins face-off versus Henrik Sedin in Predators zone.
11:36 of 3rd period - Shot by Todd Marchant.
11:36 of 3rd period - Deflect By Mike Sillinger.
11:36 of 3rd period - Stopped by Chris Mason without a rebound.
11:37 of 3rd period - Jeff Carter wins face-off versus Petr Cajanek in Predators zone.
12:00 of 3rd period - Shot by Tuomo Ruutu.
12:00 of 3rd period - Shot Misses the Net.
12:04 of 3rd period - Shot by Andrew Brunette.
12:04 of 3rd period - Shot Misses the Net.
12:06 of 3rd period - Shot by Lasse Kukkonen.
12:06 of 3rd period - Stopped by Chris Mason without a rebound.
12:07 of 3rd period - Yanic Perreault wins face-off versus Todd Marchant in Predators zone.
12:12 of 3rd period - Shot by Mike Sillinger.
12:12 of 3rd period - Shot Misses the Net.
12:14 of 3rd period - Shot by Bryan Allen.
12:14 of 3rd period - Stopped by Chris Mason with a rebound.
12:22 of 3rd period - Shot by Todd Marchant.
12:22 of 3rd period - Deflect By Mike Sillinger.
12:22 of 3rd period - Stopped by Chris Mason with a rebound.
12:24 of 3rd period - Shot by Todd Marchant.
12:24 of 3rd period - Shot Blocked by Marek Zidlicky.
13:12 of 3rd period - Shot by Brad Boyes.
13:12 of 3rd period - Shot Misses the Net.
13:14 of 3rd period - Shot by Brad Boyes.
13:14 of 3rd period - Shot Misses the Net.
13:16 of 3rd period - Shot by Tomas Kaberle.
13:16 of 3rd period - Stopped by Jean-Sebastien Giguere without a rebound.
13:17 of 3rd period - Jeff Carter wins face-off versus Petr Cajanek in Ducks zone.
13:40 of 3rd period - Shot by Andrew Brunette.
13:40 of 3rd period - Stopped by Chris Mason without a rebound.
13:41 of 3rd period - David Legwand wins face-off versus Michael Zigomanis in Predators zone.
13:48 of 3rd period - Shot by Paul Kariya.
13:48 of 3rd period - Shot Blocked by Travis Green.
13:50 of 3rd period - Shot by David Legwand.
13:50 of 3rd period - Shot Misses the Net.
13:54 of 3rd period - Shot by Paul Kariya.
13:54 of 3rd period - Stopped by Jean-Sebastien Giguere with a rebound.
13:56 of 3rd period - Shot by David Legwand.
13:56 of 3rd period - Shot Misses the Net.
14:00 of 3rd period - Shot by David Legwand.
14:00 of 3rd period - Shot Misses the Net.
14:04 of 3rd period - Shot by Paul Kariya.
14:04 of 3rd period - Shot Blocked by Bryan Allen.
14:06 of 3rd period - Shot by Tomas Kaberle.
14:06 of 3rd period - Shot Blocked by Marek Malik.
14:08 of 3rd period - Shot by Derek Morris.
14:08 of 3rd period - Shot Misses the Net.
14:16 of 3rd period - Shot by Paul Kariya.
14:16 of 3rd period - Stopped by Jean-Sebastien Giguere without a rebound.
14:17 of 3rd period - Scott Hartnell wins face-off versus Daniel Sedin in Ducks zone.
14:38 of 3rd period - Shot by Steve Sullivan.
14:38 of 3rd period - Stopped by Jean-Sebastien Giguere without a rebound.
14:39 of 3rd period - Vernon Fiddler wins face-off versus Todd Marchant in Ducks zone.
14:51 of 3rd period - Icing by Tomas Kaberle.
14:52 of 3rd period - Petr Cajanek wins face-off versus Vernon Fiddler in Predators zone.
15:03 of 3rd period - Icing by Derek Morris.
15:04 of 3rd period - Vernon Fiddler wins face-off versus Henrik Sedin in Predators zone.
15:08 of 3rd period - Icing by Tomas Kaberle.
15:09 of 3rd period - Mike Fisher wins face-off versus Vernon Fiddler in Predators zone.
15:09 of 3rd period - Minor Penalty to Tomas Kaberle for Hooking.
15:10 of 3rd period - Jeff Carter wins face-off versus Petr Cajanek in Predators zone.
16:03 of 3rd period - Shot by Henrik Sedin.
16:03 of 3rd period - Deflect By Mike Fisher.
16:03 of 3rd period - Shot Blocked by Zbynek Michalek.
16:07 of 3rd period - Shot by Henrik Sedin.
16:07 of 3rd period - Shot Blocked by Derek Morris.
16:11 of 3rd period - Shot by Daniel Sedin.
16:11 of 3rd period - Deflect By Henrik Sedin.
16:11 of 3rd period - Stopped by Chris Mason without a rebound.
16:12 of 3rd period - Vernon Fiddler wins face-off versus Daniel Sedin in Predators zone.
16:28 of 3rd period - Off-side.
16:29 of 3rd period - Vernon Fiddler wins face-off versus Petr Cajanek in neutral zone.
16:56 of 3rd period - Shot by Andrew Brunette.
16:56 of 3rd period - Shot Blocked by Zbynek Michalek.
17:22 of 3rd period - Shot by Steve Sullivan.
17:22 of 3rd period - Stopped by Jean-Sebastien Giguere with a rebound.
17:38 of 3rd period - Shot by Scott Hartnell.
17:38 of 3rd period - Stopped by Jean-Sebastien Giguere without a rebound.
17:39 of 3rd period - Ben Guite wins face-off versus Paul Kariya in Ducks zone.
17:56 of 3rd period - Shot by Paul Kariya.
17:56 of 3rd period - Stopped by Jean-Sebastien Giguere without a rebound.
17:57 of 3rd period - Yanic Perreault wins face-off versus Henrik Sedin in Ducks zone.
18:40 of 3rd period - Shot by Steve Sullivan.
18:40 of 3rd period - Stopped by Jean-Sebastien Giguere without a rebound.
18:41 of 3rd period - David Legwand wins face-off versus Petr Cajanek in Ducks zone.
18:42 of 3rd period - Shot by Paul Kariya.
18:42 of 3rd period - Stopped by Jean-Sebastien Giguere without a rebound.
18:43 of 3rd period - Petr Cajanek wins face-off versus David Legwand in Ducks zone.
19:04 of 3rd period - Andrew Brunette is hit by Derek Morris and loses puck.
19:15 of 3rd period - Shot by David Legwand.
19:15 of 3rd period - Shot Misses the Net.
19:22 of 3rd period - Minor Penalty to Petr Cajanek for Holding.
19:23 of 3rd period - Todd Marchant wins face-off versus Jeff Carter in Predators zone.
19:23 of 3rd period - Ben Guite is hit by Tomas Kaberle and loses puck.


Output by the SimonT Hockey Simulator (STHS) for Stephane Roy -- Original Page W3C XHTML 1.0 Valid